 Dungeon Crawl Stone Soup version 0.23.2-1-ga50397a6bc (webtiles) character file.

Game seed: 5395456177441718115

298 Corto the Digger (level 6, -5/32 HPs)
             Began as a Gargoyle Earth Elementalist on May 19, 2019.
             Slain by Mrkan's ghost (13 damage)
             ... on level 3 of the Dungeon.
             The game lasted 00:12:48 (3680 turns).

Corto the Digger (Gargoyle Earth Elementalist)      Turns: 3680, Time: 00:12:49

Health: -5/32      AC:  7    Str: 12    XL:     6   Next: 36%
Magic:  0/12       EV: 12    Int: 17    God:
Gold:   163        SH:  0    Dex: 10    Spells: 4/13 levels left

rFire    . . .     SeeInvis .   a - +2 short sword (elec)
rCold    . . .     Gourm    .   (no shield)
rNeg     + + .     Faith    .   c - +0 robe
rPois    ∞         Spirit   .   (no helmet)
rElec    +         Reflect  .   (no cloak)
rCorr    .         Harm     .   p - +0 pair of gloves
MR       .....                  (no boots)
Stlth    ++........             (no amulet)
HPRegen  0.10/turn              h - ring of flight
MPRegen  0.13/turn              q - ring of positive energy

@: no status effects
A: negative energy resistance 1, electricity resistance, unbreathing,
petrification resistance, rot immunity, AC +4
a: Evoke Flight


You were on level 3 of the Dungeon.
You were very hungry.

You visited 1 branch of the dungeon, and saw 3 of its levels.

You collected 163 gold pieces.

Inventory:

Hand Weapons
 a - a +2 short sword of electrocution (weapon)
 b - a +0 dagger of venom
 n - a +0 mace
Missiles
 s - 187 stones (quivered)
Armour
 c - a +0 robe (worn)
 p - a +0 pair of gloves (worn)
Jewellery
 h - a ring of flight (left hand)
 q - a ring of positive energy (right hand)
Scrolls
 e - 3 scrolls of remove curse {unknown}
 f - 2 scrolls of amnesia {unknown}
 i - 3 scrolls of teleportation {unknown}
 j - a scroll of blinking {unknown}
 l - a scroll of fear {unknown}
 m - a scroll of enchant weapon {unknown}
 r - a scroll of noise {unknown}
 t - a scroll of identify {unknown}
 u - a scroll of immolation {unknown}
Potions
 g - a potion of brilliance {unknown}
 k - 2 potions of curing {@q1}
 o - 2 potions of lignification {unknown}
Comestibles
 d - 7 rations


   Skills:
 - Level 1.5 Dodging
 - Level 2.1 Stealth
 + Level 4.4 Spellcasting
   Level 0.7 Transmutations
 + Level 6.4 Earth Magic


You had 4 spell levels left.
You knew the following spells:

 Your Spells              Type           Power        Failure   Level  Hunger
a - Sandblast             Erth           ####..       1%          1    None
b - Stone Arrow           Conj/Erth      ##....       12%         3    ###....
c - Lee's Rapid Deconstr  Erth           ####......   30%         5    ######.

Your spell library contained the following spells:

 Spells                   Type           Power        Failure   Level  Hunger
 Passwall                 Tmut/Erth      ###.....     5%          2    ##.....
 Petrify                  Tmut/Erth      ###.....     34%         4    ####...


Dungeon Overview and Level Annotations

Branches:
Dungeon (3/15)

Altars:

Annotations:
D:3 1 runed translucent door, Mrkan's ghost, amateur TrMo


Innate Abilities, Weirdness & Mutations

You are resistant to torment.
Your stone body is resilient. (AC +4)
You are immune to poison.
You resist negative energy. (rN+)
You are resistant to electric shocks. (rElec)
You can survive without breathing.
You are immune to petrification.
You are immune to rotting.


Message History

Press: ? - help, Shift-Dir - straight line, f/p - Mrkan's ghost
Aim: Mrkan's ghost (moderately damaged)
The stone arrow misses Mrkan's ghost.
Mrkan's ghost hits you!
* * * LOW HITPOINT WARNING * * *
Casting: Stone Arrow (safe; 12% risk of failure)
Confirm with . or Enter, or press ? or * to list all spells.
Aiming: Stone Arrow (safe; 12% risk of failure)
Press: ? - help, Shift-Dir - straight line, f/p - Mrkan's ghost
Aim: Mrkan's ghost (moderately damaged)
The stone arrow hits Mrkan's ghost!
Mrkan's ghost is heavily damaged.
Mrkan's ghost says very slowly, "There's no hope."
Mrkan's ghost hits you but does no damage.
Casting: Stone Arrow (safe; 12% risk of failure)
Confirm with . or Enter, or press ? or * to list all spells.
You don't have enough magic to cast that spell.
You hit Mrkan's ghost but do no damage.
Mrkan's ghost is heavily damaged.
Mrkan's ghost hits you!
You die... █•• •••••• █••••█ ••██•• █• █•• █•██•• █••█•• █████ █████ ██••█•• ██•••███████████•••█ █•••█•• █•••••w•wW@••••••█•███••••█•

██†██████████•••••••••••••••
█≈≈≈█████████••••█•█•█•█••••
█≈≈≈█••••••••••••█•█•••••••█
█≈≈≈█•████████•••█•███•█••••
█≈≈≈█•█


█•••█•███•█•••█ █≈$≈█•█ █•••█•••••••••█ █≈≈≈█•█ █•••███•█•██••█ █w≈≈█•█ █████
█•█•••••• You could see 2 worms and Mrkan's ghost.

Vanquished Creatures
  A bullfrog (D:3)
  An orc priest (D:3)
  An orc wizard (D:3)
  A bullfrog skeleton (D:3)
  An iguana (D:3)
  4 adders
  2 oozes
  5 leopard geckos
  2 orcs (D:3)
  3 giant cockroaches
  6 goblins
  6 hobgoblins
  11 jackals
  10 kobolds
  7 bats
  4 frilled lizards
  7 rats
72 creatures vanquished.

Notes
Turn   | Place    | Note
-------+----------+-------------------------------------------
     0 | D:1      | Corto the Gargoyle Earth Elementalist began the quest for
                  | the Orb.
     0 | D:1      | Reached XP level 1. HP: 10/10 MP: 3/3
   399 | D:1      | Reached XP level 2. HP: 15/15 MP: 5/5
   407 | D:1      | Reached skill level 4 in Earth Magic
  1123 | D:1      | Reached XP level 3. HP: 18/19 MP: 6/6
  2536 | D:3      | Reached XP level 4. HP: 24/24 MP: 8/8
  2581 | D:2      | Learned a level 3 spell: Stone Arrow
  2595 | D:3      | Reached skill level 5 in Earth Magic
  2819 | D:3      | Reached XP level 5. HP: 23/28 MP: 8/10
  2826 | D:3      | Learned a level 5 spell: Lee's Rapid Deconstruction
  3463 | D:3      | Reached skill level 6 in Earth Magic
  3568 | D:3      | Reached XP level 6. HP: 32/32 MP: 12/12
  3626 | D:3      | Found a runed translucent door.
  3626 | D:3      | Noticed Mrkan's ghost (amateur TrMo)
  3647 | D:3      | Found a runed translucent door.
  3680 | D:3      | Slain by Mrkan's ghost

Skill      XL: |  1  2  3  4  5 |
---------------+----------------+-----
Earth Magic    | 4 5 6 |  6.4
Spellcasting   | 3 4 |  4.4
Dodging        | |  1.5
Stealth        | |  2.1
Transmutations | |  0.7

Action                   |  1- 3 |  4- 6 || total
-------------------------+-------+-------++-------
Melee: Unarmed           |    10 |       ||    10
       Club              |    99 |       ||    99
       Short sword       |    46 |    91 ||   137
       Dagger            |       |    35 ||    35
 Cast: Sandblast         |     3 |    10 ||    13
       Stone Arrow       |       |     4 ||     4
  Use: Potion            |       |     1 ||     1
 Stab: Sleeping          |     8 |     2 ||    10
  Eat: Chunk             |     5 |     3 ||     8
Armor: Robe              |    52 |    45 ||    97
Dodge: Dodged            |    90 |   112 ||   202
